 Dungeon Crawl Stone Soup version 0.27.0-65-ge2af304b15 (webtiles) character file.

Game seed: 5944175655540060560

14 Amplified the Sneak (level 2, 0/24 HPs)
             Began as a Mummy Delver on Aug 19, 2021.
             Slain by a scorpion zombie (6 damage)
             ... in an ossuary.
             The game lasted 00:02:32 (409 turns).

Amplified the Sneak (Mummy Delver)                   Turns: 409, Time: 00:02:33

Health: 0/24       AC:  6    Str: 15    XL:     2   Next: 31%
Magic:  3/3        EV: 10    Int:  9    God:
Gold:   25         SH:  0    Dex: 13    Spells: 3/3 levels left

rFire    x . .     SeeInvis .   g - +0 short sword
rCold    + . .     Faith    .   (no shield)
rNeg     + + +     Spirit   .   h - +0 ring mail
rPois    ∞         Reflect  .   d - +0 hat {Stlth+}
rElec    .         Harm     .   (no cloak)
rCorr    .         Rampage  .   (no gloves)
Will     .....                  b - +0 pair of boots
Stlth    +++.......             (no amulet)
HPRegen  0.08/turn              (no ring)
MPRegen  0.08/turn              (no ring)

@: no status effects
A: cold resistance 1, negative energy resistance 3, torment resistance 2, heat
vulnerability 1, no potions
a: no special abilities


You were in an ossuary.
You visited 1 branch of the dungeon, and saw 4 of its levels.
You also visited: Ossuary.

You collected 25 gold pieces.

Inventory:

Hand Weapons
 a - a +0 mace
 g - a +0 short sword (weapon)
Armour
 b - a +0 pair of boots (worn)
 d - a +0 hat of stealth (worn)
 h - a +0 ring mail (worn)
Wands
 f - a wand of digging (1)
Scrolls
 c - a scroll of fog
 e - a scroll of fear


   Skills:
 * Level 3.2 Fighting
 - Level 1.5 Maces & Flails
 - Level 1.5 Dodging
 * Level 4.3 Stealth
 * Level 1.1 Spellcasting


You had 3 spell levels left.
You didn't know any spells.
Your spell library was empty.

Dungeon Overview and Level Annotations

Branches:
Dungeon (7/15)             Temple (0/1) D:4         Ossuary (1/1)

Altars:

Annotations:
D:4 Eustachio
D:5 Edmund


Innate Abilities, Weirdness & Mutations

You are immune to poison.
Your flesh is cold resistant. (rC+)
You are immune to negative energy. (rN+++)
You are immune to unholy pain and torment.
You are vulnerable to heat. (rF-)
You do not drink.


Message History

You barely miss the scorpion zombie.
The scorpion zombie is heavily damaged.
The scorpion zombie barely misses you.
You hit the scorpion zombie.
The scorpion zombie is severely damaged.
The scorpion zombie hits you.
You barely miss the scorpion zombie.
The scorpion zombie is severely damaged.
The scorpion zombie hits you.
* * * LOW HITPOINT WARNING * * *
You hit the scorpion zombie.
The scorpion zombie is severely damaged.
The scorpion zombie hits you but does no damage.
There is an empty arch of ancient stone here.
You hit the scorpion zombie.
The scorpion zombie is almost destroyed.
The scorpion zombie closely misses you.
You hit the scorpion zombie but do no damage.
The scorpion zombie is almost destroyed.
The scorpion zombie hits you but does no damage.
You hit the scorpion zombie.
The scorpion zombie is almost destroyed.
The scorpion zombie completely misses you.
You barely miss the scorpion zombie.
The scorpion zombie is almost destroyed.
The scorpion zombie hits you.
* * * LOW HITPOINT WARNING * * *
Unknown command.
You completely miss the scorpion zombie.
The scorpion zombie is almost destroyed.
The scorpion zombie barely misses you.
Unknown command.
You hit the scorpion zombie but do no damage.
The scorpion zombie is almost destroyed.
The scorpion zombie closely misses you.
Unknown command.
You hit the scorpion zombie.
The scorpion zombie is almost destroyed.
The scorpion zombie hits you.
You die...

#...8...
#.......
##8...8##
Z......#
.8...#
#...#
######'##
#...#...#
#@Z.'.∩.#
#...#...#
#########


You could see a scorpion zombie.

Vanquished Creatures
  An adder (D:6)
  2 orcs (D:5)
  A goblin (D:4)
4 creatures vanquished.

Notes
Turn   | Place    | Note
-------+----------+-------------------------------------------
     0 | D:5      | Amplified the Mummy Delver began the quest for the Orb.
     0 | D:5      | Reached XP level 1. HP: 18/18 MP: 1/1
    87 | D:4      | Noticed Eustachio
   102 | D:5      | Noticed an ogre
   113 | D:5      | Noticed Edmund
   113 | D:5      | Noticed an ogre
   151 | D:5      | Noticed a lemure
   152 | D:5      | Noticed a lemure
   207 | D:5      | Noticed an orc priest
   230 | D:5      | Noticed a jelly
   231 | D:5      | Noticed a scorpion
   259 | D:6      | Reached skill level 1 in Spellcasting
   259 | D:6      | Reached XP level 2. HP: 19/24 MP: 1/3
   272 | D:6      | Noticed a phantom
   286 | D:7      | Noticed a killer bee
   286 | D:7      | Noticed a killer bee
   294 | D:6      | Found a sand-covered staircase.
   299 | Ossuary  | Entered an ossuary
   409 | Ossuary  | Slain by a scorpion zombie

Illustrated notes

Levels and vault maps discovered:
D:4:      layout_rooms, lemuel_zombie_altar_yredelemnul,
          minmay_temple_entry_slanted, uniq_ijyb, uniq_eustachio,
          uniq_blork_the_orc
D:5:      layout_gridville, kennysheep_slug_shrine, uniq_edmund, uniq_pikel,
          uniq_duvessa
D:6:      layout_basic, enter_ossuary_2, nrook_uturn, kennysheep_big_empty_room
D:7:      layout_basic, worldfamousw_hep_ancestral_shrine,
          gammafunk_temple_overflow_elements, uniq_joseph, uniq_prince_ribbit1
Ossuary:  ossuary_minmay_scorpions

Skill      XL: |  1 |
---------------+----+-----
Spellcasting   | 1 |  1.1
Fighting       | |  3.2
Maces & Flails | |  1.5
Dodging        | |  1.5
Stealth        | |  4.3

Action                   || total
-------------------------++-------
Melee: Short sword       ||    31
Evoke: Wand              ||     2
  Use: Scroll            ||     2
 Stab: Sleeping          ||     2
Armor: Ring mail         ||     8
       Leather armour    ||     4
Dodge: Dodged            ||    17
